Map: Corrosion EC

Players

MSeven

  • Race: Zerg Zerg
  • League: Platinum
  • Spawn Location: 5:00

HoldTheDoor - Winner!

  • Race: Protoss Protoss
  • League: Diamond
  • Spawn Location: 11:00

VOD

Have the link to the VOD?

Description

Time

  • Played on: July 5, 2018, 11:19 a.m.
  • Length: 7:43
Show
View Real Time Build Order
Export as new Build Order

MSeven Zerg 

Build Orders: Hatch First 

Get SALT Encoding   

  12  0:02  Drone  
  13  0:12  Overlord  
  13  0:17  Drone  
  14  0:31  Drone x2  
  14  0:35  Drone  
  17  0:53  Hatchery  
  16  0:57  Drone  
  16  1:00  Drone  
  18  1:13  Extractor  
  18  1:17  Spawning Pool  
  16  1:25  Drone x2  
  18  1:29  Drone  
  19  1:40  Overlord  
  19  2:02  Drone  
  19  2:03  Drone  
  19  2:05  Queen  
  19  2:06  Queen  
  26  2:08  Zergling x2  
  26  2:11  Zergling x2  
  27  2:17  Drone  
  28  2:28  Drone x2  
  30  2:32  Metabolic Boost  
  30  2:38  Drone  
  30  2:39  Drone  
  32  2:48  Queen  
  34  2:57  Hatchery  
  33  3:03  Overlord  
  33  3:05  Drone  
  34  3:06  Drone  
  34  3:08  Drone  
  36  3:23  Drone  
  36  3:24  Drone x6  
  43  3:34  Spore Crawler  
  42  3:35  Spore Crawler  
  42  3:38  Lair  
  42  3:40  Drone  
  42  3:41  Drone  
  43  3:53  Overlord x3  
  43  3:58  Extractor  
  43  4:01  Extractor  
  43  4:02  Extractor, Drone x3  
  43  4:05  Drone  
  44  4:15  Zergling x4  
  44  4:16  Zergling x2  
  47  4:28  Zergling x2  
  47  4:29  Zergling x12  
  54  4:37  Evolution Chamber  
  53  4:40  Evolution Chamber  
  53  4:43  Zergling x10  
  53  4:45  Hydralisk Den  
  56  5:05  Drone x7  
  56  5:06  Drone  
  63  5:07  Drone  
  63  5:08  Drone  
  65  5:21  Zerg Missile Weapons Level 1  
  65  5:22  Zerg Ground Armor Level 1  
  65  5:24  Grooved Spines  
  65  5:34  Drone x7  
  65  5:35  Drone  
  70  5:51  Drone x3  
  73  5:57  Spore Crawler  
  73  6:02  Overlord x2  
  73  6:03  Overlord x4  
  72  6:13  Drone  
  73  6:34  Hydralisk  
  73  6:35  Hydralisk x9  
  93  7:00  Hydralisk  
  93  7:01  Hydralisk x8  
Show
View Real Time Build Order
Export as new Build Order

HoldTheDoor Protoss - Winner!

Build Orders: 1 Gate Expand 

Get SALT Encoding   

  12  0:00  Probe  
  13  0:13  Probe  
  14  0:20  Pylon  
  14  0:25  Probe  
  15  0:37  Probe  
  15  0:41  Gateway  
  16  0:45  Probe  
  16  0:46  Assimilator  
  17  0:53  Probe  
  18  1:05  Probe  
  20  1:23  Nexus  
  19  1:38  Cybernetics Core  
  19  1:43  Assimilator  
  19  1:46  Probe  
  20  1:49  Pylon  
  20  1:58  Probe  
  21  2:06  Warp Gate  
  21  2:10  Probe  
  21  2:14  Adept, Gateway  
  25  2:22  Probe  
  25  2:34  Probe  
  25  2:36  Probe  
  27  2:40  Twilight Council  
  27  2:47  Probe  
  28  2:53  Sentry  
  28  2:54  Probe  
  31  2:59  Probe  
  31  3:01  Pylon  
  32  3:06  Probe  
  32  3:08  Adept  
  32  3:11  Probe  
  36  3:18  Probe  
  36  3:19  Robotics Facility  
  36  3:24  Adept  
  36  3:26  Probe  
  39  3:39  Resonating Glaives  
  39  3:40  Probe x2  
  41  3:47  Gateway  
  41  3:51  Probe  
  41  3:52  Probe  
  41  3:55  Pylon  
  43  3:59  Probe  
  43  4:04  Probe  
  43  4:06  Warp Prism  
  47  4:11  Sentry  
  47  4:16  Sentry  
  51  4:17  Probe  
  51  4:18  Probe  
  53  4:24  Gateway  
  53  4:29  Pylon  
  53  4:30  Probe  
  54  4:34  Gateway  
  54  4:36  Gateway  
  54  4:43  Immortal  
  58  4:55  Pylon  
  58  4:57  Pylon  
  58  5:02  Gateway  
  58  5:04  Gateway  
  58  5:14  Gateway  
  58  5:19  Adept  
  58  5:20  Adept x2  
  64  5:23  Immortal  
  68  5:59  Adept x3  
  68  6:00  Adept  
  76  6:13  Pylon  
  76  6:14  Pylon x2  
  76  6:17  Pylon  
  76  6:34  Adept x4  
  76  6:35  Adept x4  
  76  6:36  Adept  
  94  7:00  Adept x7  
  94  7:01  Adept x2  
  100  7:23  Adept  
  100  7:24  Adept x4  
  98  7:34  Adept x4  
Tags
 
Add a new tag
Caveats
  • Supply blocks, unpowered buildings, or Contaminate may cause inaccurate times.
  • Supply counts are checked every 10 seconds.